Description

By legend

Replay - Pokebunny v Rengen: Game 1 - King Sejong Station LE

Build Order

Get SALT Encoding   

  12  0:00  SCV  
  13  0:12  SCV  
  14  0:18  Supply Depot  
  14  0:25  SCV  
  15  0:40  SCV  
  15  0:41  Barracks  
  16  0:46  Refinery  
  16  0:52  SCV  
  17  1:04  SCV  
  18  1:16  SCV  
  19  1:28  Orbital Command  
  19  1:29  Reaper  
  20  1:42  Command Center  
  20  1:54  SCV  
  21  1:56  Supply Depot  
  21  2:00  Refinery  
  21  2:03  Barracks Reactor  
  21  2:06  SCV  
  22  2:16  Barracks  
  22  2:19  SCV  
  23  2:29  Factory  
  23  2:32  SCV  
  24  2:40  Marine x2  
  26  2:44  SCV  
  27  2:54  Orbital Command  
  27  2:58  Marine x2  
  28  3:02  SCV  
  28  3:04  Barracks Tech Lab  
  30  3:14  Starport  
  30  3:16  Factory Tech Lab  
  30  3:20  Marine x2  
  30  3:23  SCV  
  30  3:25  SCV  
  34  3:30  Combat Shields  
  34  3:34  Marine  
  34  3:36  SCV  
  34  3:37  SCV  
  37  3:42  Siege Tank  
  37  3:45  Marine x2  
  42  3:51  Supply Depot  
  42  3:54  Medivac  
  44  3:57  Marine  
  44  3:59  SCV  
  46  4:12  Supply Depot, Marine x2  
  46  4:13  SCV  
  46  4:15  Marine  
  50  4:19  Siege Tank  
  53  4:29  SCV x2  
  54  4:34  Supply Depot, Marine x3  
  54  4:37  Medivac, Engineering Bay  
  59  4:42  SCV x2  
  61  4:47  Refinery  
  61  4:56  Marine x3, Stimpack  
  64  5:08  Starport Reactor  
  64  5:10  SCV x2  
  66  5:15  Command Center  
  65  5:26  Marine x3  
  67  5:28  SCV x2  
  64  5:40  SCV x2  
  66  5:44  Barracks x2, Refinery  
  66  5:47  Terran Infantry Weapons Level 1  
  66  5:49  Missile Turret  
  65  5:50  Factory Reactor  
  65  5:52  SCV  
  65  5:53  SCV  
  66  6:04  Marine x3  
  66  6:05  SCV  
  70  6:12  SCV  
  70  6:23  Barracks, Supply Depot  
  70  6:24  Supply Depot  
  70  6:27  Medivac x2, SCV x2  
  77  6:33  Marauder x2  
  77  6:39  SCV x2, Orbital Command  
  81  6:42  Factory Reactor  
  81  6:48  Marine x4  
  81  6:49  Supply Depot  
  81  6:51  Concussive Shells  
  81  6:53  SCV  
  88  6:54  Marauder x2  
  88  6:55  SCV  
  88  7:01  Orbital Command  
  91  7:03  Medivac x2  
  91  7:05  SCV  
  91  7:07  SCV  
  97  7:12  Barracks Tech Lab, Marine x2  
  97  7:13  Marine x2  
  97  7:15  Missile Turret  
  101  7:17  Marauder  
  103  7:30  SCV, Supply Depot  
  103  7:31  SCV, Supply Depot  
  103  7:35  Liberator  
  103  7:36  Missile Turret  
  105  7:43  Liberator  
  97  7:48  Marauder, Marine x4  
  97  7:49  Widow Mine, Marauder x2  
  109  7:51  Widow Mine  
  109  7:53  Supply Depot  
  110  8:04  SCV x2  
  112  8:13  SCV  
  112  8:16  SCV, Supply Depot x2  
  112  8:18  Armory  
  114  8:20  Engineering Bay, Marine x2  
  114  8:21  Liberator, Supply Depot  
  114  8:24  Marauder, Marine  
  114  8:26  Liberator, Marine  
  118  8:38  Marauder  
  118  8:39  Marauder  
  124  8:41  SCV  
  124  8:42  SCV  
  124  8:47  Refinery  
  124  8:48  Refinery  
  127  8:56  SCV x2  
  129  9:03  Marauder, Marine  
  129  9:04  Marauder x2, Marine x3  
  140  9:31  Starport  
  140  9:32  Fusion Core  
Spawning Tool Build Advisor. Get it on Overwolf

Analysis

By Legend follow up added

Go to:

Details

  • Created by: Deadpool  
  • Published on: Nov 13, 2016
  • Modified on: Nov 13, 2016
  • Patch: Pre-3.8.0
Show
View Real Time Build Order
Export as new Build Order

Comments (2)

On Nov. 17, 2016, 8:28 p.m., Deadpool  said:

Like 4:37 as soon as you have a Medivac.

On Nov. 16, 2016, 12:03 a.m., zardilior  said:

at what time is the push can you include video and extra info?

Create an account to comment!